 Dungeon Crawl Stone Soup version 0.30.0-29-ga12c61a403 (webtiles) character file.

Game seed: 1191048565566853217

418779 seaoflcl the Fencer (level 22, -16/201 HPs)
             Began as a Minotaur Fighter on June 15, 2023.
             Was a High Priest of Qazlal.
             Killed from afar by a black draconian knight (39 damage)
             ... with a bolt of lightning
             ... on level 4 of the Depths.
             The game lasted 03:12:44 (66333 turns).

seaoflcl the Fencer (Minotaur Fighter)             Turns: 66333, Time: 03:12:44

Health: -16/201    AC: 50    Str: 37    XL:     22   Next: 29%
Magic:  31/31      EV:  9    Int:  8    God:    Qazlal [*****.]
Gold:   2967       SH: 26    Dex: 12    Spells: 21/21 levels left

rFire   + . .        y - +9 trident of Myiv {protect, Contam rCorr Str+6}
rCold   + . .        c - +0 tower shield
rNeg    + . .        o - +7 crystal plate armour
rPois   +            X - +2 hat
rElec   .            O - scarf {rC+ rF+}
rCorr   +            w - +2 pair of gloves
SInv    .            B - +1 pair of boots {rampage}
Will    ++...        i - amulet of regeneration Stlth
                     V - ring "Onkirch" {rPois rN+ Dex+3 Stlth+}
HPRegen 0.00/turn    I - ring "Jitaulua" {Will+ Int+3 Slay+4}
MPRegen 0.22/turn

%: repel missiles, rampage
@: mighty, protected from physical damage, under a protective aura, inhibited
regen, studying 3 skills
A: horns 2, retaliatory headbutt, clumsy 1, screaming 1, inhibited regeneration
}: 3/15 runes: decaying, slimy, gossamer
a: Renounce Religion, Upheaval, Elemental Force, Disaster Area


You were on level 4 of the Depths.
You worshipped Qazlal.
Qazlal was extremely pleased with you.
You visited 9 branches of the dungeon, and saw 44 of its levels.
You visited the Abyss 1 time.
You also visited: Trove, Ice Cave, Volcano and Wizlab.

You collected 6176 gold pieces.
You spent 3209 gold pieces at shops.

Inventory:

Hand Weapons
 s - a +6 hand axe of freezing
 y - the +9 trident of Myiv (weapon) {protect, Contam rCorr Str+6}
   (You found it on level 4 of the Dungeon)

   Str:       It affects your strength (+6).
   Contam:    It causes magical contamination when unequipped.
   rCorr:     It protects you from acid and corrosion.
 z - a +6 scimitar of flaming
 L - a +6 long sword of draining
 M - the +9 sword of Zonguldrok {reap}
   (You found it in a wizard's laboratory)
Missiles
 q - 3 javelins (quivered)
 Q - 34 poisoned darts
Armour
 c - a +0 tower shield (worn)
 o - a +7 crystal plate armour (worn)
 w - a +2 pair of gloves (worn)
 B - a +1 pair of boots of rampaging (worn)
 D - the +1 pair of boots of the Ego {Str+3}
   (You bought it in a shop on level 4 of the Dungeon)

   Str:       It affects your strength (+3).
 O - a scarf of resistance (worn)
 X - a +2 hat (worn)
Jewellery
 f - a ring of positive energy
 h - a ring of see invisible
 i - an amulet of regeneration (around neck)
 k - a ring of resist corrosion
 x - the ring "Ucwin" {*Slow rElec rN+ Str+4 Dex+3}
   (You found it on level 5 of the Pits of Slime)

   [ring of positive energy]

   Str:       It affects your strength (+4).
   Dex:       It affects your dexterity (+3).
   rElec:     It insulates you from electricity.
   rN:        It protects you from negative energy.
   *Slow:     It may slow you when you take damage.
 I - the ring "Jitaulua" (right hand) {Will+ Int+3 Slay+4}
   (You found it in a treasure trove)

   [ring of slaying]

   Int:       It affects your intelligence (+3).
   Slay:      It affects your accuracy & damage with ranged weapons and melee
   (+4).
   Will:      It increases your willpower.
 T - a ring of protection from fire
 V - the ring "Onkirch" (left hand) {rPois rN+ Dex+3 Stlth+}
   (You acquired it on level 5 of the Lair of Beasts)

   [ring of poison resistance]

   Dex:       It affects your dexterity (+3).
   rPois:     It protects you from poison.
   rN:        It protects you from negative energy.
   Stlth:     It makes you more stealthy.
 W - a ring of protection from cold
Wands
 d - a wand of flame (54)
 u - a wand of polymorph (7)
 v - a wand of light (17)
 E - a wand of mindburst (42)
 U - a wand of iceblast (14)
 Y - a wand of paralysis (7)
Scrolls
 e - 17 scrolls of teleportation
 j - 8 scrolls of vulnerability
 l - 9 scrolls of immolation
 p - 11 scrolls of fear
 t - 9 scrolls of poison
 H - 7 scrolls of fog
 J - 2 scrolls of blinking
 R - a scroll of silence
Potions
 a - 4 potions of invisibility
 b - 5 potions of lignification
 g - 15 potions of curing
 m - 2 potions of haste
 n - 6 potions of flight
 r - 6 potions of mutation
 F - 5 potions of magic
 N - 8 potions of ambrosia
 S - a potion of cancellation
 Z - 3 potions of berserk rage
Miscellaneous
 A - a tin of tremorstones (inert)
 G - a piece from Xom's chessboard (15/15)


   Skills:
 * Level 17.8 Fighting
 + Level 18.9 Long Blades
 - Level 15.7(18.7) Axes
 + Level 16.7(19.1) Polearms
 + Level 14.3 Throwing
 * Level 17.8 Armour
 - Level 7.3 Dodging
 + Level 17.3 Shields
 + Level 14.4 Invocations
 + Level 12.8 Evocations


You had 21 spell levels left.
You didn't know any spells.
Your spell library contained the following spells:

 Spells                   Type           Power      Damage    Failure   Level
 Apportation              Tloc           0%         N/A       99%         1
 Freeze                   Ice            0%         1d3       99%         1
 Magic Dart               Conj           0%         1d3       99%         1
 Slow                     Hex            0%         N/A       99%         1
 Blink                    Tloc           0%         N/A       100%        2
 Lesser Beckoning         Tloc           0%         N/A       100%        2
 Momentum Strike          Conj/Tloc      0%         3d8       100%        2
 Searing Ray              Conj           0%         2d4       100%        2
 Sublimation of Blood     Necr           0%         N/A       100%        2
 Wereblood                Tmut           0%         N/A       100%        2
 Confusing Touch          Hex            0%         N/A       100%        3
 Dazzling Flash           Conj/Hex       0%         N/A       100%        3
 Frozen Ramparts          Ice            0%         1d1       100%        3
 Hailstorm                Conj/Ice       0%         3d3       100%        3
 Inner Flame              Hex/Fire       0%         N/A       100%        3
 Portal Projectile        Hex/Tloc       0%         N/A       100%        3
 Teleport Other           Tloc           0%         N/A       100%        3
 Tukima's Dance           Hex            0%         N/A       100%        3
 Vampiric Draining        Necr           0%         2d6       100%        3
 Vhi's Electric Charge    Tloc/Air       0%         N/A       100%        3
 Anguish                  Hex/Necr       0%         N/A       100%        4
 Animate Dead             Necr           0%         N/A       100%        4
 Flame Wave               Conj/Fire      0%         2d4       100%        4
 Fulminant Prism          Conj/Hex       0%         3d5       100%        4
 Leda's Liquefaction      Hex/Erth       0%         N/A       100%        4
 Sticky Flame             Conj/Fire      0%         2d3       100%        4
 Summon Ice Beast         Ice/Summ       0%         N/A       100%        4
 Agony                    Necr           0%         N/A       100%        5
 Alistair's Intoxication  Tmut/Pois      0%         N/A       100%        5
 Arcjolt                  Conj/Air       0%         1d10      100%        5
 Blade Hands              Tmut           0%         N/A       100%        5
 Borgnjor's Vile Clutch   Necr/Erth      0%         N/A       100%        5
 Fireball                 Conj/Fire      0%         3d3       100%        5
 Iskenderun's Battlesphe  Conj           0%         2d6       100%        5
 Lee's Rapid Deconstruct  Erth           0%         3d4*      100%        5
 Metabolic Englaciation   Hex/Ice        0%         N/A       100%        5
 Silence                  Hex/Air        0%         N/A       100%        5
 Summon Forest            Summ/Tloc      0%         N/A       100%        5
 Summon Mana Viper        Hex/Summ       0%         N/A       100%        5
 Yara's Violent Unravell  Hex/Tmut       0%         3d3       100%        5
 Conjure Ball Lightning   Conj/Air       0%         3x3d6     100%        6
 Plasma Beam              Fire/Air       0%         2x1d11    100%        6
 Statue Form              Tmut/Erth      0%         N/A       100%        6
 Summon Cactus Giant      Summ           0%         N/A       100%        6
 Enfeeble                 Hex            0%         N/A       100%        7
 Haunt                    Necr/Summ      0%         N/A       100%        7
 Malign Gateway           Summ/Tloc      0%         N/A       100%        7
 Monstrous Menagerie      Summ           0%         N/A       100%        7
 Orb of Destruction       Conj           0%         9d5       100%        7
 Summon Hydra             Summ           0%         N/A       100%        7
 Infestation              Necr           0%         N/A       100%        8


Dungeon Overview and Level Annotations

Branches:
Dungeon (15/15)            Temple (0/1) D:7            Lair (5/5) D:10
  Swamp (4/4) Lair:2       Spider (4/4) Lair:2        Slime (5/5) Lair:5
    Orc (2/2) D:9             Elf (3/3) Orc:2        Vaults (2/5) D:13
 Depths (4/4) D:15          IceCv (visited)         Volcano (visited)
 WizLab (visited)
  Crypt: Vaults:2-3     Zot: Depths:4

Altars:
Ashenzari
Dithmenos
Elyvilon
Fedhas
Gozag
Hepliaklqana
Okawaru
Qazlal
Vehumet
Xom
Jiyva

Shops:
D:4 *   D:6 (   D:10 *   Orc:2 (!*(   Elf:2 *:   Vaults:2 ?   Depths:1 =::
Depths:3 *

Portals:
Hell: Depths:1 Depths:2 Depths:3
Abyss: Depths:1 Depths:3
Pandemonium: Depths:2
Ziggurat: Depths:2

Annotations:
Elf:1 1 runed translucent door, cdecastro's ghost, adept DrTm
Elf:2 Roxanne
Elf:3 Zenata
Depths:2 exclusion: orange crystal statue


Innate Abilities, Weirdness & Mutations

You have a pair of horns on your head.
You reflexively headbutt those who attack you in melee.
You are clumsy. (Dex -2)
You occasionally shout uncontrollably at your foes.
You do not regenerate when monsters are visible.


Message History

Qazlal smites you!
You hear some strange, mumbled words.
You block the black draconian's attack.
You barely miss the white draconian stormcaller.
Your headbutt misses the white draconian stormcaller.
The white draconian stormcaller is almost dead.
Something hits you but does no damage.
The black draconian hits you but does no damage.
The white draconian stormcaller hits you but does no damage.
You impale the white draconian stormcaller!!
You kill the white draconian stormcaller!
Qazlal accepts your kill.
You hear a loud rustle.
Something hits you but does no damage. You block the black draconian's attack.
A walking earthen tome comes into view.
Unknown command.
You hit the juggernaut.
The juggernaut is lightly wounded.
You hear a deafening roar!
Something hits you!
Your resistance to cold fades away.
You feel protected from physical attacks.
The juggernaut hits you!
* * * LOW HITPOINT WARNING * * *
You block the juggernaut's attack.
You closely miss something. Your headbutt misses something.
A bolt of lightning appears from out of thin air!
The bolt of lightning hits you!!
* * * LOW HITPOINT WARNING * * *
The black draconian breathes lightning at you.
The bolt of lightning hits something.
The bolt of lightning misses you.
You hear a shout!
Something hits you.
* * * LOW HITPOINT WARNING * * *
You hear some strange, mumbled words.
A bolt of cold appears from out of thin air!
The bolt of cold is repelled.
A bolt of lightning appears from out of thin air!
The bolt of lightning hits you!!!
You die...

#∩._........≈≈≈≈≈....#
...#....§......≈≈≈≈≈..)"#
...#.§.≈§§§≈≈..;§≈≈...≈≈#
...##...§§..............#
....##......!.≈.....≈..(#
....)###......☼°≈≈§≈≈...#
.....###''...dC○.......§#
..^.##...''##÷{.......≈≈#
...##......#####@☼#######
..##°......# ##....##
.+#.......## #8...§8#
++.......## ##....##
.○......## #8....8#
.....!(## ##....##
....(⌠## #8....8# .....##
##....## ...### #8....8#


You could see a juggernaut, a walking earthen tome and a black draconian
(catching breath).

Vanquished Creatures
  the Royal Jelly (Slime:5)
  An ancient lich (WizLab)
  Mara (Elf:3)
  2 juggernauts (Depths:3)
  Bai Suzhen (Swamp:3)
  2 caustic shrikes (Depths:4)
  the Lernaean hydra (Swamp:4)
  A golden dragon (Depths:3)
  2 bone dragons
  A doom hound (Depths:4)
  3 tentacled monstrosities
  A lich (D:15)
  2 walking frostbound tomes
  Grunn (Depths:3)
  An ancient champion (WizLab)
  26 acid blobs
  2 tentacled starspawn (Abyss:3)
  Kirke (Lair:4)
  A sphinx (Depths:2)
  3 shadow dragons
  A storm dragon (Depths:3)
  A draconian monk (Depths:4)
  27 azure jellies
  A tengu reaver (Depths:2)
  23 rockslimes
  2 iron dragons
  4 emperor scorpions (Spider:3)
  9 fire giants
  9 frost giants
  A balrug (Depths:3)
  Aizul (Spider:4)
  7 ghost moths
  The ghost of Gadrel the Eclecticist, an adept SpBr of Dithmenos (Swamp:3)
  An orc warlord (Vaults:1)
  A draconian annihilator (Depths:4)
  3 draconian stormcallers (Depths:4)
  3 broodmothers
  3 spriggan defenders
  6 ironbound preservers (Vaults:1)
  A war gargoyle (Depths:4)
  2 reapers
  18 quicksilver oozes
  2 vampire knights
  15 very ugly things
  An ironbound thunderhulk (Vaults:2)
  A putrid mouth (Depths:3)
  9 stone giants
  A black draconian (Depths:4)
  2 eleionomae (Swamp:3)
  A green draconian (Depths:4)
  A deep elf demonologist (Elf:2)
  2 spark wasps (Depths:1)
  3 bunyips
  7 dire elephants
  Snorg (D:10)
  5 ettins
  2 yaktaur captains (Vaults:1)
  A shambling mangrove (Swamp:3)
  Josephine (D:14)
  The ghost of mkat the Summoner, a journeyman DrSu (Lair:2)
  8 fire dragons
  12 entropy weavers
  5 great orbs of eyes
  5 rakshasas
  2 caustic shrike simulacra (IceCv)
  2 ice dragons
  4 spriggan air magi
  4 vault guards
  The ghost of Whoops the Cleaver, a journeyman DsFi of Okawaru (D:10)
  A ghost crab (Lair:2)
  22 hydras
  A jorogumo (Spider:2)
  A catoblepas (Lair:5)
  A hell beast (Depths:2)
  4 ironbound frosthearts
  An ogre mage (D:15)
  7 centaur warriors
  A radroach (Spider:4)
  32 dancing weapons
  7 two-headed ogres
  15 boulder beetles
  9 alligators
  8 tengu warriors
  6 deep troll shamans
  2 deep troll earth magi
  3 hell hogs
  5 orc high priests (Orc:2)
  4 sun demons
  2 soul eaters
  13 deep elf knights
  6 spriggan berserkers
  6 pharaoh ants
  2 shadow wraiths (Depths:4)
  17 skeletal warriors
  9 iron trolls
  2 wretched stars (Abyss:3)
  A spectral death yak (Lair:2)
  A skyshark (Lair:2)
  A quicksilver dragon simulacrum (Depths:4)
  5 spriggan druids
  2 golden dragon zombies (Depths:2)
  6 goliath frogs
  A death drake (shapeshifter) (Depths:4)
  35 deep trolls
  3 sun moths (Spider:4)
  4 deep elf archers
  2 flayed ghosts
  11 orb spiders
  12 swamp dragons
  A glowing orange brain (Depths:4)
  4 wizards
  7 bog bodies
  12 steelbarb worms
  2 obsidian statues (IceCv)
  An orb spider (shapeshifter) (D:15)
  Pikel (D:5)
  A spriggan simulacrum (IceCv)
  A harpy (Vaults:1)
  6 lindwurms
  28 deep elf zephyrmancers
  A necromancer (Depths:2)
  2 ironbound convokers (Vaults:2)
  11 orc knights
  4 cyclopes
  19 wolf spiders
  20 deep elf pyromancers
  9 ugly things
  4 orc sorcerers
  5 manticores
  7 shining eyes
  4 will-o-the-wisps
  3 moths of wrath
  4 elephants (Lair:5)
  3 vault sentinels (Vaults:1)
  7 black mambas
  7 cane toads
  2 smoke demons (Abyss:3)
  A gargoyle (D:11)
  A toenail golem (Volcano)
  7 torpor snails
  10 demonic crawlers
  4 molten gargoyles (Volcano)
  A rime drake (shapeshifter) (Depths:3)
  A storm dragon simulacrum (Depths:2)
  7 yaktaurs
  A centaur skeleton (Abyss:3)
  An unseen horror (shapeshifter) (Elf:2)
  6 rime drakes
  6 freezing wraiths
  8 komodo dragons
  A spriggan zombie (Depths:2)
  An ice devil (IceCv)
  4 efreet
  A tormentor (Depths:3)
  2 kobold demonologists
  13 tyrant leeches
  3 golden dragon simulacra (IceCv)
  3 meliai (Spider:4)
  17 hornets
  A troll (shapeshifter) (D:14)
  A polar bear (shapeshifter) (Elf:1)
  28 tarantellas
  A tarantella (shapeshifter) (D:13)
  2 polar bears
  Grinder (D:5)
  8 trolls
  A raiju (shapeshifter) (Depths:1)
  6 dream sheep (Lair:3)
  A blink frog (shapeshifter) (D:13)
  20 blink frogs
  3 raiju (Abyss:3)
  36 jumping spiders
  Sigmund (D:6)
  80 slime creatures
  2 air elementals
  13 spriggans
  A ynoxinul (Abyss:3)
  26 culicivoras
  A yak (shapeshifter) (D:15)
  2 shadows
  3 large abominations (Abyss:3)
  39 yaks
  7 vampires
  4 wyverns
  A dire elephant simulacrum (IceCv)
  7 fire elementals
  3 water elementals (Elf:1)
  10 golden eyes
  A hog (Lair:4)
  6 wraiths
  6 humans
  Eustachio (D:5)
  33 vampire mosquitoes
  A neqoxec (Abyss:3)
  55 redbacks
  5 steam dragons
  5 basilisks
  A minotaur simulacrum (IceCv)
  7 wargs
  3 two-headed ogre zombies (WizLab)
  18 swamp worms
  2 acid dragons (Lair:5)
  Duvessa (D:5)
  A hydra simulacrum (IceCv)
  A spectral polar bear (Lair:2)
  10 water moccasins
  12 swamp drakes
  An ice beast (D:6)
  29 orc warriors
  3 ettin simulacra
  2 black bears
  3 ogres
  8 centaurs
  16 wolves
  2 phantoms
  A lemure (D:5)
  2 kobold brigands (D:9)
  2 gnoll sergeants
  4 scorpions
  A deep troll simulacrum (IceCv)
  12 bullfrogs
  4 earth elementals
  A cane toad simulacrum (Lair:2)
  27 wights
  Dowan (D:5)
  3 small abominations (Abyss:3)
  8 troll zombies (WizLab)
  5 killer bees
  2 electric eels (D:10)
  5 howler monkeys
  3 water moccasin simulacra (Lair:2)
  An iron imp (Abyss:3)
  A komodo dragon simulacrum (Lair:2)
  3 jellies
  A gnoll bouda (D:8)
  20 orc priests
  6 hounds
  13 starcursed masses (Abyss:3)
  2 sleepcaps (D:6)
  3 iguanas
  16 orc wizards
  6 hell rats (Lair:2)
  2 ogre zombies (WizLab)
  20 gnolls
  6 adders
  A shadow imp (D:6)
  A white imp (Abyss:3)
  2 ufetubi
  5 worms
  3 dart slugs (D:2)
  77 orcs
  4 bats
  5 endoplasms
  3 hobgoblins
  4 quokkas
  5 ball pythons
  8 goblins
  14 kobolds
  6 rats
  A fire vortex (Volcano)
  2 starspawn tentacles (Abyss:3)
1688 creatures vanquished.

Vanquished Creatures (others)
  A lich (Depths:3)
  A fire giant (Depths:1)
  A deep elf knight (Elf:2)
  A bloated husk (Swamp:4)
  A tarantella (Spider:1)
  A tarantella (shapeshifter) (Elf:3)
  A blink frog (Lair:4)
  A yak (Lair:4)
  A fire elemental (Elf:1)
  2 humans (Lair:4)
  An orc warrior (Orc:2)
  An orc priest (Orc:2)
  An iguana (Lair:5)
  An orc (D:15)
  A fire vortex (Volcano)
  12 foxfires
  4 starspawn tentacles (Abyss:3)
32 creatures vanquished.

Grand Total: 1720 creatures vanquished

Notes
Turn   | Place    | Note
-------+----------+-------------------------------------------
     0 | D:1      | seaoflcl the Minotaur Fighter began the quest for the Orb.
     0 | D:1      | Reached XP level 1. HP: 19/19 MP: 0/0
   456 | D:1      | Reached XP level 2. HP: 24/27 MP: 1/1
  1548 | D:2      | Reached XP level 3. HP: 33/33 MP: 2/2
  1725 | D:2      | Found a faded altar of an unknown god.
  1726 | D:2      | Noticed an eye of devastation
  1728 | D:2      | Noticed a golden eye
  1985 | D:2      | Noticed a floating eye
  1989 | D:2      | Noticed a great orb of eyes
  2024 | D:2      | Prayed at the altar of an unknown god.
  2024 | D:2      | Became a worshipper of Qazlal Stormbringer
  2024 | D:2      | Reached * piety under Qazlal
  2200 | D:3      | Found a white marble altar of Elyvilon.
  2416 | D:3      | Reached XP level 4. HP: 40/40 MP: 3/3
  2874 | D:4      | Noticed a phantom
  2883 | D:4      | Killed a phantom
  2884 | D:4      | Reached skill level 1 in Throwing
  2884 | D:4      | Reached skill level 1 in Invocations
  2884 | D:4      | Reached XP level 5. HP: 41/47 MP: 4/4
  3366 | D:4      | Found Tauz's Assorted Antiques.
  3379 | D:4      | Found a broken altar of Ashenzari.
  3402 | D:4      | Reached ** piety under Qazlal
  3519 | D:4      | Reached XP level 6. HP: 53/53 MP: 6/6
  3742 | D:4      | Identified the +9 trident of Myiv {protect, Contam rCorr
                  | Str+6}
  4002 | D:5      | Entered Level 5 of the Dungeon
  4003 | D:5      | Noticed Pikel
  4017 | D:5      | Killed Pikel
  4018 | D:5      | Reached skill level 5 in Fighting
  4018 | D:5      | Reached skill level 5 in Axes
  4018 | D:5      | Reached skill level 1 in Polearms
  4018 | D:5      | Reached skill level 5 in Armour
  4018 | D:5      | Reached skill level 5 in Shields
  4018 | D:5      | Reached XP level 7. HP: 56/61 MP: 7/7
  4262 | D:5      | Reached XP level 8. HP: 65/69 MP: 9/9
  4503 | D:5      | Noticed Eustachio
  4507 | D:5      | Noticed Grinder
  4509 | D:5      | Paralysed by Grinder for 4 turns
  4517 | D:5      | Killed Grinder
  4529 | D:5      | Killed Eustachio
  4578 | D:5      | Noticed Duvessa
  4581 | D:5      | Noticed Dowan
  4591 | D:5      | Killed Duvessa
  4597 | D:5      | Killed Dowan
  4875 | D:6      | Found an opulent altar of Gozag.
  5200 | D:6      | Reached skill level 1 in Evocations
  5233 | D:6      | Found Moblug's Weapon Shoppe.
  5640 | D:6      | Noticed Sigmund
  5650 | D:6      | Killed Sigmund
  5651 | D:6      | Reached XP level 9. HP: 77/77 MP: 10/10
  5657 | D:6      | Found a shimmering altar of Xom.
  6162 | D:7      | You fall into a shaft and drop 2 floors!
  6398 | D:9      | Reached *** piety under Qazlal
  6438 | D:9      | Reached skill level 5 in Polearms
  6451 | D:9      | Reached XP level 10. HP: 66/86 MP: 12/12
  6490 | D:9      | Found a staircase to the Orcish Mines.
  6745 | D:9      | Reached skill level 5 in Invocations
  6749 | D:9      | Reached skill level 5 in Throwing
  6808 | D:9      | Noticed a two-headed ogre
  6811 | D:9      | Paralysed by a hornet for 1 turns
  6813 | D:9      | Paralysed by a hornet for 3 turns
  7131 | D:8      | Reached **** piety under Qazlal
  7626 | D:7      | Found a staircase to the Ecumenical Temple.
  7799 | D:9      | Paralysed by a hornet for 3 turns
  7807 | D:8      | Reached skill level 10 in Axes
  8168 | D:9      | Killed a two-headed ogre
  8169 | D:9      | Reached skill level 1 in Long Blades
  8280 | D:9      | Noticed a two-headed ogre
  8290 | D:9      | Killed a two-headed ogre
  8291 | D:9      | Reached XP level 11. HP: 78/94 MP: 14/14
  8583 | D:10     | Entered Level 10 of the Dungeon
  8864 | D:10     | Reached skill level 2 in Long Blades
  8914 | D:10     | Found a runed translucent gate.
  8914 | D:10     | Found a runed translucent gate.
  8914 | D:10     | Found a runed translucent gate.
  8919 | D:10     | Noticed Whoops's ghost (journeyman DsFi)
  8945 | D:10     | Noticed a two-headed ogre
  8969 | D:10     | Killed a two-headed ogre
  9061 | D:10     | Noticed a sun demon
  9064 | D:10     | Noticed a sixfirhy
  9244 | D:10     | Found a staircase to the Lair.
  9439 | D:10     | Noticed Snorg
  9452 | D:10     | Killed Snorg
  9453 | D:10     | Reached skill level 3 in Long Blades
  9718 | D:10     | Found Woufe's Assorted Antiques.
  9726 | D:10     | Bought a scroll of identify for 60 gold pieces
 10215 | D:11     | Reached ***** piety under Qazlal
 10259 | D:11     | Noticed a cyan ugly thing
 10276 | D:11     | Killed a cyan ugly thing
 10612 | D:11     | Reached skill level 4 in Long Blades
 10705 | D:11     | Noticed a two-headed ogre
 10721 | D:11     | Killed a two-headed ogre
 10722 | D:11     | Reached XP level 12. HP: 84/103 MP: 15/15
 10852 | D:11     | Noticed a boulder beetle
 10894 | D:11     | Killed a boulder beetle
 11070 | Lair:1   | Entered Level 1 of the Lair of Beasts
 11125 | D:10     | Reached skill level 5 in Evocations
 11238 | Lair:1   | Reached skill level 5 in Long Blades
 12087 | Lair:1   | Noticed an eight-headed hydra
 12098 | Lair:1   | Killed a two-headed hydra
 12529 | Lair:2   | Noticed mkat's ghost (journeyman DrSu)
 12788 | Lair:2   | Found a runed translucent gate.
 12789 | Lair:2   | Found a runed translucent gate.
 12815 | Lair:2   | Found a hole to the Spider Nest.
 12836 | Lair:2   | Found a runed translucent gate.
 13133 | Lair:2   | Reached XP level 13. HP: 90/113 MP: 17/17
 13348 | Lair:2   | You fall into a shaft and drop 2 floors!
 13382 | Lair:4   | Noticed Kirke
 13385 | Lair:4   | Reached skill level 6 in Long Blades
 13409 | Lair:4   | Killed Kirke
 13410 | Lair:4   | Reached skill level 10 in Fighting
 13410 | Lair:4   | Reached skill level 10 in Shields
 13436 | Lair:4   | Reached skill level 10 in Armour
 13451 | Lair:4   | Reached ****** piety under Qazlal
 13989 | Lair:5   | Entered Level 5 of the Lair of Beasts
 14280 | Lair:3   | Found a dark tunnel.
 14285 | Volcano  | Entered a volcano
 14307 | Volcano  | HP: 5/113 [molten gargoyle/bolt of magma (14)]
 15094 | Lair:3   | Got the Papyrus of the Pure Quests
 15342 | Lair:3   | Reached skill level 7 in Long Blades
 15643 | Lair:2   | Found a staircase to the Swamp.
 16062 | Lair:2   | Killed mkat's ghost
 16512 | Lair:5   | Found a staircase to the Slime Pits.
 16513 | Lair:5   | Found a viscous altar of Jiyva.
 16730 | Lair:5   | Reached XP level 14. HP: 105/122 MP: 19/19
 16758 | Lair:5   | Identified 2 scrolls of acquirement
 16759 | Lair:5   | Acquired a manual of Long Blades
 16764 | Lair:5   | Acquired the ring "Onkirch" {rPois rN+ Dex+3 Stlth+}
 16977 | Lair:5   | Reached skill level 8 in Long Blades
 17000 | Lair:5   | Identified the +2 morningstar "Wary" {freeze, +Blink rC++}
 17700 | Swamp:1  | Entered Level 1 of the Swamp
 17707 | Lair:2   | Reached skill level 10 in Polearms
 18014 | Swamp:1  | Reached skill level 9 in Long Blades
 19427 | Swamp:2  | Reached XP level 15. HP: 117/132 MP: 20/20
 19608 | Swamp:2  | Reached skill level 10 in Long Blades
 20424 | Swamp:3  | Noticed a tentacled monstrosity
 20438 | Swamp:3  | Killed a tentacled monstrosity
 20917 | D:10     | Killed Whoops's ghost
 21083 | Spider:1 | Entered Level 1 of the Spider Nest
 21276 | Spider:1 | Reached skill level 11 in Long Blades
 22453 | Spider:2 | Reached skill level 10 in Throwing
 22453 | Spider:2 | Reached skill level 10 in Invocations
 22529 | Spider:2 | Reached skill level 1 in Dodging
 23115 | Spider:2 | Reached XP level 16. HP: 132/141 MP: 22/22
 23469 | Spider:2 | Reached skill level 12 in Long Blades
 24629 | Swamp:3  | Found a runed translucent door.
 24631 | Swamp:3  | Noticed Gadrel's ghost (adept SpBr)
 24675 | Swamp:3  | Killed Gadrel's ghost
 25097 | Swamp:3  | Noticed Bai Suzhen
 25127 | Swamp:3  | Killed Bai Suzhen
 25459 | Swamp:4  | Entered Level 4 of the Swamp
 25600 | Swamp:4  | Identified the +8 short sword of Ylyr {protect, +Blink}
 25712 | Swamp:4  | Noticed a tentacled monstrosity
 25730 | Swamp:4  | Killed a tentacled monstrosity
 25931 | Swamp:4  | Noticed the 27-headed Lernaean hydra
 26202 | Swamp:4  | Killed the 27-headed Lernaean hydra
 26203 | Swamp:4  | Reached skill level 13 in Long Blades
 26392 | Swamp:4  | Got a decaying rune of Zot
 27694 | D:12     | Found a portal to a secret trove of treasure.
 28290 | D:13     | Reached XP level 17. HP: 141/150 MP: 24/24
 28584 | D:13     | Found a gate to the Vaults.
 29110 | Vaults:1 | Entered Level 1 of the Vaults
 29330 | Vaults:1 | Reached skill level 15 in Axes
 29408 | Vaults:1 | Reached skill level 5 in Dodging
 29735 | Vaults:1 | Found a magical portal.
 29747 | WizLab   | Entered Zonguldrok's Shrine
 29795 | WizLab   | Reached skill level 14 in Long Blades
 30112 | WizLab   | Noticed an antique lich
 30114 | WizLab   | Found the +9 sword of Zonguldrok {reap}
 30160 | WizLab   | Killed an antique lich
 30631 | Vaults:1 | Got the Monograph on the Akashic Volcano
 31138 | D:14     | Noticed Josephine
 31147 | D:14     | Killed Josephine
 31148 | D:14     | Found an opulent altar of Gozag.
 32395 | D:15     | Entered Level 15 of the Dungeon
 32440 | D:15     | Found a frozen archway.
 32450 | IceCv    | Entered an ice cave
 32459 | IceCv    | Reached XP level 18. HP: 159/159 MP: 25/25
 33139 | IceCv    | Noticed an Ice Fiend
 33772 | D:14     | Reached skill level 15 in Long Blades
 33960 | Orc:1    | Entered Level 1 of the Orcish Mines
 34293 | Orc:2    | Entered Level 2 of the Orcish Mines
 34428 | Orc:2    | Found an iron altar of Okawaru.
 34557 | Orc:2    | Reached skill level 10 in Evocations
 34711 | Orc:2    | Found a staircase to the Elven Halls.
 35594 | Orc:2    | Found Ituusut's Weapon Shoppe.
 35594 | Orc:2    | Found Saokiula's Antique Weapon Shoppe.
 35595 | Orc:2    | Found Venen's Distillery.
 35595 | Orc:2    | Found Ugihecs's General Store.
 35603 | Orc:2    | Bought a potion of might for 60 gold pieces
 35603 | Orc:2    | Bought a potion of curing for 45 gold pieces
 35603 | Orc:2    | Bought a potion of resistance for 150 gold pieces
 35603 | Orc:2    | Bought a potion of berserk rage for 75 gold pieces
 35603 | Orc:2    | Bought a potion of curing for 45 gold pieces
 35603 | Orc:2    | Bought a potion of heal wounds for 75 gold pieces
 35603 | Orc:2    | Bought a potion of haste for 150 gold pieces
 35665 | Elf:1    | Entered Level 1 of the Elven Halls
 35967 | Elf:1    | Found a runed translucent door.
 35967 | Elf:1    | Found a shimmering altar of Xom.
 35968 | Elf:1    | Noticed cdecastro's ghost (adept DrTm)
 36649 | Elf:2    | Found Ladur's Assorted Antiques.
 36889 | Elf:2    | Bought a scroll of teleportation for 75 gold pieces
 36889 | Elf:2    | Bought 3 scrolls of teleportation for 225 gold pieces
 36889 | Elf:2    | Bought a scroll of blinking for 187 gold pieces
 37114 | Elf:2    | Found Nauthrego's Book Boutique.
 37207 | Elf:2    | Found a runed translucent gate.
 37208 | Elf:2    | Found a runed translucent gate.
 37208 | Elf:2    | Found a runed translucent gate.
 37230 | Elf:2    | Noticed Roxanne
 38295 | Spider:3 | Reached skill level 16 in Long Blades
 38836 | Spider:3 | Reached XP level 19. HP: 168/168 MP: 27/27
 39292 | Spider:4 | Entered Level 4 of the Spider Nest
 39817 | Spider:4 | Noticed Aizul
 40212 | Spider:4 | Killed Aizul
 40213 | Spider:4 | Reached skill level 15 in Shields
 41024 | Spider:4 | Reached skill level 15 in Armour
 41033 | Spider:4 | Reached skill level 15 in Fighting
 41509 | Spider:4 | Got a gossamer rune of Zot
 42899 | D:10     | Bought a scroll of enchant weapon for 225 gold pieces
 42923 | D:10     | Bought a potion of curing for 90 gold pieces
 43757 | Elf:3    | Entered Level 3 of the Elven Halls
 43816 | Elf:2    | Reached skill level 17 in Long Blades
 44226 | Elf:3    | Noticed Mara
 44809 | Elf:3    | Noticed seaoflcl's illusion
 44827 | Elf:3    | Killed Mara
 45377 | Elf:3    | Noticed Zenata
 45827 | Vaults:2 | Found Pexih's Magic Scroll Shoppe.
 45832 | Vaults:2 | Bought a scroll of teleportation for 57 gold pieces
 45832 | Vaults:2 | Bought a scroll of teleportation for 57 gold pieces
 45832 | Vaults:2 | Bought a scroll of teleportation for 57 gold pieces
 45832 | Vaults:2 | Bought a scroll of enchant weapon for 142 gold pieces
 47349 | Slime:1  | Entered Level 1 of the Pits of Slime
 47979 | Slime:1  | Reached XP level 20. HP: 162/179 MP: 28/28
 49375 | D:15     | Reached skill level 15 in Polearms
 49591 | D:15     | Found a staircase to the Depths.
 50034 | Depths:1 | Entered Level 1 of the Depths
 50731 | Depths:1 | Found a blossoming altar of Fedhas.
 50777 | Abyss:3  | Cast into level 3 of the Abyss (spriggan defender)
 50904 | Abyss:3  | Paralysed by accursed screaming for 2 turns
 50986 | Abyss:3  | Paralysed by accursed screaming for 1 turns
 50995 | Abyss:3  | Paralysed by accursed screaming for 1 turns
 51026 | Depths:1 | Escaped the Abyss
 51410 | Depths:1 | Found a gateway to Hell.
 51784 | Depths:1 | Found a shadowy altar of Dithmenos.
 51871 | Depths:1 | Found a one-way gate to the infinite horrors of the Abyss.
 52019 | Depths:1 | Found Dopyuguts's Jewellery Emporium.
 52019 | Depths:1 | Found Koaducy's Book Boutique.
 52020 | Depths:1 | Found Oruudgh's Book Boutique.
 52562 | D:12     | You paid a toll of 3 potions of resistance to enter a
                  | treasure trove
 52563 | Trove    | Entered a treasure trove
 52572 | Trove    | Identified the ring "Jitaulua" {Will+ Int+3 Slay+4}
 52577 | Trove    | Identified the +0 hat of the Spider Nest {SInv}
 52591 | Trove    | Identified the +9 quarterstaff "Xuacod" {drain, *Noise Fly
                  | Str+3 Int+2 SInv}
 52594 | Trove    | Identified the +1 quarterstaff of the Three Tales {heavy,
                  | Int+4}
 52951 | D:4      | Bought a pair of heavily runed boots for 237 gold pieces
 52951 | D:4      | Identified the +1 pair of boots of the Ego {Str+3} (You
                  | bought it in a shop on level 4 of the Dungeon)
 53487 | Depths:2 | Reached skill level 18 in Long Blades
 53840 | Depths:2 | Found a radiant altar of Vehumet.
 53881 | Depths:2 | Paralysed by a sphinx for 2 turns
 54199 | Depths:2 | Found a one-way gateway to a ziggurat.
 54356 | Depths:2 | Found a one-way gate leading to the halls of Pandemonium.
 54826 | Depths:3 | Noticed a juggernaut
 54870 | Depths:3 | Killed a juggernaut
 55021 | Depths:3 | Reached XP level 21. HP: 150/189 MP: 30/30
 55119 | Depths:3 | Noticed a juggernaut
 55132 | Depths:3 | Killed a juggernaut
 55246 | Depths:3 | Found Fairez Qiata's Assorted Antiques.
 55254 | Depths:3 | Bought a scroll of teleportation for 126 gold pieces
 55254 | Depths:3 | Bought a potion of heal wounds for 210 gold pieces
 55254 | Depths:3 | Bought a potion of haste for 420 gold pieces
 55254 | Depths:3 | Bought a potion of curing for 126 gold pieces
 56141 | Depths:4 | Entered Level 4 of the Depths
 56345 | Depths:4 | Noticed Grunn
 56757 | Depths:4 | Noticed a golden dragon
 56782 | Depths:3 | Killed a golden dragon
 57837 | Depths:3 | Killed Grunn
 59363 | Slime:3  | Found a viscous altar of Jiyva.
 59533 | Slime:4  | Gained mutation: You occasionally shout uncontrollably at
                  | your foes. [a shining eye]
 59882 | Slime:5  | Entered Level 5 of the Pits of Slime
 60026 | Slime:5  | Noticed the Royal Jelly
 61432 | Slime:5  | Gained mutation: You are clumsy. (Dex -2) [a shining eye]
 62838 | Depths:3 | Bought a scroll of magic mapping for 315 gold pieces
 63323 | Slime:4  | Reached XP level 22. HP: 192/200 MP: 31/31
 63668 | Slime:5  | Found a viscous altar of Jiyva.
 63672 | Slime:5  | Found the +8 demon trident "Rift" {distort, reach+}
 64277 | Slime:5  | Killed the Royal Jelly
 64554 | Slime:5  | Gained mutation: You do not regenerate when monsters are
                  | visible. [a shining eye]
 64571 | Slime:5  | Got a slimy rune of Zot
 64793 | Slime:5  | Identified the ring "Gotuics" {Wiz Str-2 Dex+3 Stlth+}
 64833 | Slime:5  | Got the Omnibus of Malisons
 64854 | Slime:5  | Identified the ring "Ucwin" {*Slow rElec rN+ Str+4 Dex+3}
 64856 | Slime:5  | Identified the ring of Packytzu {*Corrode Drain rElec Int+6
                  | Dex+7}
 65556 | Depths:4 | Found a hazy altar of Hepliaklqana.
 65641 | Depths:4 | Noticed a caustic shrike
 65647 | Depths:4 | Killed a caustic shrike
 65667 | Depths:4 | Noticed a caustic shrike
 65681 | Depths:4 | Killed a caustic shrike
 66321 | Depths:4 | Noticed a juggernaut
 66333 | Depths:4 | Killed from afar by a black draconian knight

Illustrated notes

Levels and vault maps discovered:
D:1:      giann_wishing_wells, layout_basic, serial_co_window_serial,
          co_window_paths_a, co_window_cross_1, co_window_paths_a,
          co_window_paths_b, co_window_of_opportunity_a, co_window_paths_b,
          co_window_of_opportunity_a, co_window_broadway_c, co_window_corner_b,
          co_window_corner_b, co_window_unsneaky_path_e,
          co_window_of_opportunity_c, co_window_4corner_a
D:2:      layout_basic, hellmonk_ecumenical_altar_watching_god
D:3:      layout_loops_ring, elyvilon_altar_1
D:4:      layout_basic, ashenzari_altar_1, serial_shops, nicolae_take_the_stairs
D:5:      layout_basic, uniq_duvessa, uniq_grinder, uniq_eustachio, uniq_pikel
D:6:      layout_layer_cave, old_standard_altar,
          mainiacjoe_overflow_tiny_flanked, serial_shops, shop, st_stairs_10,
          nicolae_hexahallways, uniq_sigmund
D:7:      layout_basic, minmay_temple_entry_proselytizer
D:8:      layout_gridville, nicolae_concentric_dashed_squares_wild
D:9:      layout_long_grid, erik_orc_3, minmay_ruffians
D:10:     layout_long_grid, erik_lair_island, serial_shops, shop,
          gammafunk_ghost_split, uniq_snorg
D:11:     layout_roguey, grunt_ministairs_1
D:12:     layout_basic, nicolae_trove_entry_diagonal
D:13:     layout_basic, lightli_vaults_fourway_checkpoint
D:14:     layout_basic, grunt_gozag_breadcrumbs, uniq_josephine
D:15:     grunt_enter_depths_snipers, layout_gridville,
          portal_ice_cave_entry_pillars_four, minivault_28
Lair:1:   cheibrodos_lair_river_kwai, layout_layer_cave,
          chequers_serial_rivers_large_a, grunt_megastairs_1
Lair:2:   layout_loops_ring, nicolae_swamp_entry_spooky,
          nicolae_spider_entry_tight_spaces, gammafunk_ghost_icy,
          pdpol_lair_neglected_garden
Lair:3:   layout_cave_pods, enter_volcano_4
Lair:4:   layout_misc_corridors, uniq_kirke
Lair:5:   guppyfry_lair_end_dragon, layout_gridlike, hangedman_lair_in_review,
          slime_entry_1, hibernation_bobbens, serial_bayou_shore_a,
          lemuel_fruit_tree
Swamp:1:  layout_falls_marsh, infiniplex_staircase_pool, st_swamp_ruins_3
Swamp:2:  layout_falls_marsh, evilmike_swamp_ruin_rubble_1, swamp_pool5,
          ldierk_geyser, worms_lemuel
Swamp:3:  nicolae_swamp_standing_stones, layout_basic_swamp,
          ebering_ghost_inner_flame, serial_swamp_ruin,
          evilmike_swamp_ruin_rubble_2, evilmike_swamp_ruin_house_2,
          evilmike_swamp_ruin_house_6, swamp_pool4, nzn_swamp_stair_ambush,
          uniq_bai_suzhen
Swamp:4:  swamp, layout_basic_swamp, swamp_pool5
Spider:1: nicolae_spider_mines_3
Spider:2: layout_spider_delve
Spider:3: layout_chambers, einodemon_crawler_minivault
Spider:4: hellmonk_spider_rune_bug_friends, uniq_aizul
Slime:1:  layout_caves
Slime:2:  layout_caves
Slime:3:  layout_caves, basic_altar
Slime:4:  layout_caves
Slime:5
Orc:1:    layout_caves
Orc:2:    st_orc_pillars, layout_caves, special_room, basic_altar,
          okawaru_metal_pillars_1_2
Elf:1:    layout_loops_ring, ebering_ghost_xom, hangedman_corner_corridor
Elf:2:    nicolae_elf_blades_crystal_corner, layout_rooms, serial_shops,
          nicolae_shop_tiny_statue_garden, nicolae_stop_n_shop_1, uniq_roxanne
Elf:3:    elf_hall, layout_rooms, serial_shops, shop_statue, uniq_zenata,
          uniq_mara
Vaults:1: mu_enter_wizlab_5, nicolae_vaults_little_squares_4,
          nicolae_vaults_disjoint_gnomons, hangedman_vaults_variations,
          v_misc_19, nicolae_vaults_network_s,
          nicolae_vaults_storage_room_doors, v_misc_11, vaults_room_door_hall,
          nicolae_vaults_storage_closets_2, ontoclasm_vaults_gateway,
          grunt_vaults_focal, layout_vaults_ring
Vaults:2: v_misc_12, nicolae_vaults_little_squares_2,
          nicolae_vaults_closet_pinwheel_6, vaults_room_grid,
          nicolae_vaults_tetromino_Z_2, v_alt_pattern_4, vaults_mumra_chevron,
          ontoclasm_vaults_twist, hangedman_vaults_river_flow,
          nicolae_vaults_double_plus_2, hangedman_vaults_nails,
          layout_vaults_omnibox, serial_shops, shop
Depths:1: layout_gridville, abyss_entry, hell_entry, fedhas_altar_3,
          nicolae_danse_macabre, minmay_shop_grove, grunt_megastairs_2,
          firewood_loft
Depths:2: minmay_bloctagon_deflated, layout_basic, enter_ziggurat_f,
          vehumet_crystals, pan_entry, grunt_mini_vestibule,
          minmay_misc_feat_diagonals, minmay_protected_statue
Depths:3: minmay_slanted_spiral_squares, layout_basic, serial_shops,
          nicolae_shop_dealshenge, grunt_hell_entry_dis_grunt,
          minmay_fountain_box, abyss_entry, grunt_decor_arrowhead,
          grunt_decor_fettered, grunt_decor_mini_mirrors,
          infiniplex_staircase_zigzag_2
Depths:4: grunt_profane_halls [grunt_profane_temple_tar,
          grunt_profane_temple_coc, grunt_profane_temple_geh,
          grunt_profane_temple_dis, grunt_zot_portal], hell_entry, abyss_entry,
          uniq_josephina, uniq_grunn

Skill      XL: |  1  2  3  4  5  6  7  8  9 10 11 12 13 14 15 16 17 18 19 20 21 |
---------------+----------------------------------------------------------------+-----
Axes           | 3 4 5 6 7 9 10 11 12 13 14 15 | 15.7
Shields        | 4 5 6 7 8 9 10 11 12 13 14 15 16 17 | 17.3
Armour         | 4 5 6 7 8 9 10 11 12 13 14 15 16 17 | 17.8
Fighting       | 4 5 6 7 8 9 10 11 12 13 14 15 16 17 | 17.8
Throwing       | 1 2 3 4 5 6 7 8 9 10 11 12 13 14 | 14.3
Invocations    | 1 2 3 4 5 6 7 8 9 10 11 12 13 14 | 14.4
Polearms       | 1 2 3 5 6 7 8 9 10 11 12 13 14 15 16 | 16.7
Evocations     | 1 2 3 4 5 6 7 8 9 10 11 12 | 12.8
Long Blades    | 1 4 5 7 9 11 13 14 16 17 18 | 18.9
Dodging        | 1 4 6 7 |  7.3

Action                     |  1- 3 |  4- 6 |  7- 9 | 10-12 | 13-15 | 16-18 | 19-21 | 22-24 || total
---------------------------+-------+-------+-------+-------+-------+-------+-------+-------++-------
  Melee: War axe           |    79 |    49 |       |       |       |       |       |       ||   128
         Headbutt          |    17 |     7 |    43 |   162 |   315 |   578 |   733 |   114 ||  1969
         Hand axe          |       |    13 |   242 |   795 |   172 |       |       |       ||  1222
         Trident           |       |       |       |       |  1080 |  2094 |  2350 |   292 ||  5816
  Throw: Dart              |       |     2 |     1 |       |       |     2 |     2 |       ||     7
         Javelin           |       |       |       |    13 |     5 |    25 |    23 |       ||    66
         Throwing net      |       |       |       |       |       |       |     2 |       ||     2
 Invoke: Upheaval          |       |       |       |       |       |     1 |     3 |       ||     4
         Disaster Area     |       |       |       |       |       |     4 |     2 |     3 ||     9
         Elemental Force   |       |       |       |       |       |       |     2 |       ||     2
  Evoke: Wand              |       |       |       |       |       |       |    17 |       ||    17
         Tin of tremorston |       |       |       |       |       |       |     1 |     2 ||     3
         Piece from Xom's  |       |       |       |       |       |       |     1 |       ||     1
    Use: Potion            |       |     1 |     1 |     3 |     3 |     9 |    18 |    10 ||    45
         Scroll            |       |       |     7 |     5 |    17 |    23 |    21 |     5 ||    78
 Armour: Scale mail        |     9 |       |       |       |       |       |       |       ||     9
         Plate armour      |    23 |       |       |       |    11 |       |       |       ||    34
         Crystal plate arm |    13 |    39 |   134 |   370 |   723 |  1296 |  1244 |   153 ||  3972
         Skin              |       |       |       |       |     1 |       |       |       ||     1
  Dodge: Dodged            |    23 |     8 |    38 |   104 |   217 |   436 |   526 |    37 ||  1389
         Repelled          |       |       |       |       |     7 |     5 |    21 |     9 ||    42
  Block: Buckler           |    10 |    14 |    74 |   363 |   669 |       |       |       ||  1130
         Kite shield       |       |       |       |       |    97 |  1839 |  1321 |       ||  3257
         Tower shield      |       |       |       |       |       |       |  1027 |   289 ||  1316
